 Dungeon Crawl Stone Soup version 0.24.0-35-gdb84b6a5db (console) character file.

Game seed: 3397601549661468966, levelgen mode: deterministic

145 AlterAsc the Firebug (level 5, -1/38 HPs)
             Began as a Draconian Fire Elementalist on Nov 17, 2019.
             Killed from afar by an orc wizard (12 damage)
             ... with a puff of flame
             ... on level 4 of the Dungeon.
             The game lasted 00:05:56 (1722 turns).

AlterAsc the Firebug (Draconian Fire Elementalist)  Turns: 1722, Time: 00:05:57

Health: -1/38      AC:  6    Str: 10    XL:     5   Next: 6%
Magic:  8/9        EV: 12    Int: 17    God:
Gold:   107        SH:  0    Dex: 11    Spells: 5/9 levels left

rFire    . . .     SeeInvis .   i - +0 spear
rCold    . . .     Gourm    .   (no shield)
rNeg     . . .     Faith    .   (armour unavailable)
rPois    .         Spirit   .   (helmet restricted)
rElec    .         Reflect  .   (no cloak)
rCorr    .         Harm     .   j - +0 pair of gloves
MR       .....                  (no boots)
Stlth    ++........             (no amulet)
HPRegen  0.12/turn              (no ring)
MPRegen  0.11/turn              (no ring)

@: no status effects
A: unfitting armour, cold-blooded, AC +5
a: no special abilities


You were on level 4 of the Dungeon.
You were not hungry.

You visited 1 branch of the dungeon, and saw 3 of its levels.

You collected 107 gold pieces.

Inventory:

Hand Weapons
 d - a +0 club
 i - a +0 spear (weapon)
Armour
 j - a +0 pair of gloves (worn)
Scrolls
 c - 2 scrolls of teleportation
 e - a scroll of immolation {unknown}
 h - a scroll of noise {unknown}
 l - a scroll of fear {unknown}
 m - a scroll of magic mapping {unknown}
Potions
 g - a potion of flight
 k - a potion of magic {unknown}
Comestibles
 b - 4 rations
 f - a chunk of flesh


   Skills:
 - Level 2.0 Dodging
 - Level 2.0 Stealth
 + Level 2.9 Spellcasting
 + Level 2.4 Conjurations
 * Level 4.4 Fire Magic


You had 5 spell levels left.
You knew the following spells:

 Your Spells              Type           Power        Failure   Level  Hunger
a - Flame Tongue          Conj/Fire      ##...        4%          1    #......
b - Conjure Flame         Conj/Fire      ##......     13%         3    ###....

Your spell library contained the following spells:

 Spells                   Type           Power        Failure   Level  Hunger
 Throw Flame              Conj/Fire      ##....       6%          2    ##.....
 Inner Flame              Hex/Fire       ##......     22%         3    ###....
 Sticky Flame             Conj/Fire      ##......     38%         4    #####..
 Fireball                 Conj/Fire      ##........   75%         5    ######.


Dungeon Overview and Level Annotations

Branches:
Dungeon (2/15)

Altars:
Wu Jian


Innate Abilities, Weirdness & Mutations

Your plain brown scales are hard. (AC +5)
You cannot fit into any form of body armour.
You are cold-blooded and may be slowed by cold attacks.


Message History

Confirm with . or Enter, or press ? or * to list all spells.
You can't see any susceptible monsters within range! (Use Z to cast anyway.)
Casting: Flame Tongue (safe; 4% risk of failure)
Confirm with . or Enter, or press ? or * to list all spells.
Okay, then.
A puff of frost appears from out of thin air!
Deactivating autopickup; reactivate with Ctrl-A.
The puff of frost misses you.
You are starting to lose your buoyancy.
A puff of flame appears from out of thin air!
The puff of flame hits you!
A puff of frost appears from out of thin air!
The puff of frost hits you!
A puff of flame appears from out of thin air!
The puff of flame hits you.
* * * LOW HITPOINT WARNING * * *
You float gracefully downwards.
A puff of flame appears from out of thin air!
The puff of flame hits you!
You die...

#.##.# #.##### #..#.####.#
###### ##.#.#....# .....#
#...#....###### ####.#
##..#.......... #.#
#..#....###### #.# #..#....# #
#.###############..###########
#.........{..@................
#.........#######..###########
####.........# #.>......#
.............# #........#
#########o#### #........# #.#
#........# #.# ##.####### #.#
#.###########
#o###########............


There were no monsters in sight!

Vanquished Creatures
  An iguana (D:1)
  A bullfrog skeleton (D:4)
  4 adders
  A worm (D:2)
  2 dart slugs (D:1)
  2 leopard geckos (D:2)
  2 orcs (D:4)
  3 bats
  2 giant cockroaches
  4 goblins
  4 hobgoblins
  A quokka (D:2)
  3 frilled lizards (D:2)
  2 kobolds
  5 rats
37 creatures vanquished.

Vanquished Creatures (others)
  An orc wizard (D:4)
1 creature vanquished.

Grand Total: 38 creatures vanquished

Notes
Turn   | Place    | Note
-------+----------+-------------------------------------------
     0 | D:1      | AlterAsc the Draconian Fire Elementalist began the quest
                  | for the Orb.
     0 | D:1      | Reached XP level 1. HP: 14/14 MP: 3/3
   219 | D:1      | Reached XP level 2. HP: 16/20 MP: 0/5
   826 | D:1      | Reached XP level 3. HP: 6/26 MP: 0/6
   907 | D:2      | Learned a level 3 spell: Conjure Flame
  1043 | D:2      | Reached XP level 4. HP: 21/33 MP: 4/7
  1177 | D:2      | Found an ornate altar of the Wu Jian Council.
  1212 | D:2      | Reached skill level 4 in Fire Magic
  1432 | D:2      | You fall into a shaft and drop 2 floors!
  1706 | D:4      | Reached XP level 5. HP: 32/38 MP: 7/9
  1722 | D:4      | Killed from afar by an orc wizard

Levels and vault maps discovered:
D:1:      matt_arrival_diagonals, layout_basic, grunt_decor_mini_mirrors
D:2:      layout_basic, lemuel_doored_altar, first_ration,
          minmay_split_cup_small
D:4:      layout_basic, nicolae_qazlal_general_emergency, ashenzari_altar_1,
          eino_small_chamber_without_monster, serial_park_tiny_2,
          minmay_goblin_outpost, uniq_robin

Skill      XL: |  1  2  3  4 |
---------------+-------------+-----
Stealth        | 2 |  2.0
Dodging        | 2 |  2.0
Conjurations   | 2 |  2.4
Fire Magic     | 4 |  4.4
Spellcasting   | |  2.9

Action                   |  1- 3 |  4- 6 || total
-------------------------+-------+-------++-------
Melee: Club              |     6 |       ||     6
       Tailslap          |     1 |     2 ||     3
       Spear             |       |    18 ||    18
 Cast: Flame Tongue      |    37 |    36 ||    73
  Use: Potion            |       |     2 ||     2
       Scroll            |       |     1 ||     1
  Eat: Chunk             |     1 |     2 ||     3
Armor: Skin              |     6 |    18 ||    24
Dodge: Dodged            |    15 |    26 ||    41
